 Dungeon Crawl Stone Soup version 0.26.0-10-g1f06aea511 (webtiles) character file.

Game seed: 6688498439628177971

8461 v0m1x the Basher (level 11, -9/148 HPs)
             Began as a Minotaur Berserker on Jan 23, 2021.
             Was an Elder of Trog.
             Mangled by a freezing wraith (18 damage)
             ... on level 9 of the Dungeon.
             The game lasted 00:19:27 (11588 turns).

v0m1x the Basher (Minotaur Berserker)              Turns: 11588, Time: 00:19:27

Health: -9/148     AC: 15    Str: 22    XL:     11   Next: 10%
Magic:  10/10      EV: 10    Int:  4    God:    Trog [****..]
Gold:   534        SH: 11    Dex: 13    Spells: 10/10 levels left

rFire    . . .     SeeInvis .   u - +2 whip (vamp)
rCold    . . .     Faith    .   z - +0 kite shield
rNeg     + + .     Spirit   .   x - +0 plate armour of the Exiled Lies {rN++}
rPois    .         Reflect  .   (helmet restricted)
rElec    .         Harm     .   t - +0 cloak
rCorr    .         Rampage  .   (no gloves)
Will     +....                  (no boots)
Stlth    ..........             (no amulet)
HPRegen  0.34/turn              j - +4 ring of evasion
MPRegen  0.12/turn              v - ring of willpower

@: berserking, slowed
A: retaliatory headbutt, horns 2
a: Renounce Religion, Berserk, Trog's Hand, Brothers in Arms


You were on level 9 of the Dungeon.
You worshipped Trog.
Trog was greatly pleased with you.
You visited 2 branches of the dungeon, and saw 10 of its levels.

You collected 534 gold pieces.

Inventory:

Hand Weapons
 u - a +2 vampiric whip (weapon)
Armour
 s - the +5 ring mail of New Discoveries {rElec Int-4 Slay+3 Stlth+}
   (You found it on level 7 of the Dungeon)

   It affects your intelligence (-4).
   It affects your accuracy and damage with ranged weapons and melee attacks
   (+3).
   It insulates you from electricity.
   It makes you more stealthy.
 t - a +0 cloak (worn)
 x - the +0 plate armour of the Exiled Lies (worn) {rN++}
   (You found it on level 5 of the Dungeon)

   It greatly protects you from negative energy.
 z - a +0 kite shield (worn)
Jewellery
 j - a +4 ring of evasion (left hand)
 v - a ring of willpower (right hand)
Wands
 a - a wand of flame (15)
 y - a wand of polymorph (8)
Scrolls
 c - 7 scrolls of remove curse
 d - 2 scrolls of immolation
 f - a scroll of blinking
 g - a scroll of brand weapon
 m - 4 scrolls of magic mapping
 n - 5 scrolls of teleportation
 p - 2 scrolls of fear
 r - a scroll of summoning
 A - a scroll of enchant armour {unknown}
 B - a scroll of fog
Potions
 b - a potion of curing
 e - 4 potions of heal wounds
 h - 2 potions of lignification
 i - a potion of ambrosia {unknown}
 k - 3 potions of mutation
 l - 2 potions of brilliance {unknown}
 o - 3 potions of flight {unknown}
 q - a potion of might {unknown}
 w - 2 potions of degeneration {unknown}
Miscellaneous
 C - a phial of floods


   Skills:
 - Level 10.0 Fighting
 - Level 14.0 Maces & Flails
 - Level 10.0 Armour
 - Level 2.1 Dodging
 + Level 6.8 Shields


You had 10 spell levels left.
You didn't know any spells.
Your spell library was empty.

Dungeon Overview and Level Annotations

Branches:
Dungeon (9/15)             Temple (1/1) D:4             Orc (0/2) D:9
   Lair: D:8-11

Altars:
Ashenzari
Cheibriados
Dithmenos
Elyvilon
Fedhas
Gozag
Hepliaklqana
Kikubaaqudgha
Makhleb
Nemelex Xobeh
Okawaru
Qazlal
Sif Muna
Trog
Uskayaw
Vehumet
Wu Jian
Xom
Yredelemnul
Zin
The Shining One

Annotations:
D:7 2 transporters, Anothat's ghost, novice HOMo
D:9 3 runed translucent doors, Ceqiddiy's ghost, novice MiMo


Innate Abilities, Weirdness & Mutations

You reflexively headbutt those who attack you in melee.
You have a pair of horns on your head.


Message History

You hit the freezing wraith.
The freezing wraith is severely damaged.
The freezing wraith hits you but does no damage. x2
You hit the freezing wraith but do no damage.
The freezing wraith is severely damaged.
You closely miss the freezing wraith.
The freezing wraith is severely damaged.
The freezing wraith hits you.
* * * LOW HITPOINT WARNING * * *
The freezing wraith freezes you!!
* * * LOW HITPOINT WARNING * * *
The freezing wraith completely misses you.
You hit the freezing wraith.
The freezing wraith is severely damaged.
You hit the freezing wraith but do no damage.
The freezing wraith is severely damaged.
The freezing wraith hits you!
* * * LOW HITPOINT WARNING * * *
The freezing wraith freezes you!!
You die...

#.......###..##..#..##..#
##...........##..#.#..##..
##..###.###..##..#####(.##.
#####..##.##..##.#..###(#.#..#.
##.....##)#.###)###.###.⌠.###.#.
##.....##.###.:##.#.#.#(⌠⌠⌠[#.#..
#......#.## ###(##.:.###.⌠.###.#.
#......#[# ##.#....###.###..#.
#........# #@#..#..#####..##.
##.....#)# #W#..##..#.#..##..
##.....#.## .##.####†.#..##.(#
#......##.## .##.###.....###...#
#.....).##.#####.###.....##.....#
#........##.....###..#.#..##...##
##.....#..###.####..##.##..##..[.
##...###....(..#..#.....#..#.###
##### #######.#.##.....##.#.#


You could see a freezing wraith.

Vanquished Creatures
  A centaur warrior (D:9)
  2 two-headed ogres
  Joseph (D:8)
  A troll (D:9)
  5 yaks (D:9)
  2 wraiths (D:7)
  A vampire mosquito (D:9)
  3 wargs (D:9)
  3 orc warriors
  A water moccasin (D:7)
  An ice beast (D:8)
  A sky beast (D:9)
  2 necrophages
  2 centaurs
  7 ogres
  2 phantoms
  2 bullfrogs (D:7)
  A gnoll sergeant (D:8)
  A water moccasin skeleton (D:7)
  2 wyvern skeletons
  2 scorpions
  13 killer bees
  A troll skeleton (D:7)
  6 wights
  3 howler monkeys
  A centaur zombie (D:8)
  5 hounds
  13 orc wizards
  3 orc priests
  A jelly (D:9)
  A bullfrog skeleton (D:6)
  2 human zombies (D:7)
  2 iguanas
  A human skeleton (D:7)
  6 worker ants
  A mummy (D:7)
  A worker ant zombie (D:6)
  Robin (D:4)
  7 gnolls
  13 adders
  A shadow imp (D:9)
  2 white imps
  An ufetubus (D:8)
  3 oozes (D:2)
  2 adder zombies
  3 adder skeletons
  2 worms (D:3)
  2 dart slugs (D:2)
  2 leopard geckos
  24 orcs
  10 bats
  4 giant cockroaches
  12 goblins
  15 hobgoblins
  15 jackals
  2 quokkas
  3 ball pythons
  7 frilled lizards
  10 kobolds
  A leopard gecko skeleton (D:7)
  An orc zombie (D:7)
  A quokka skeleton (D:5)
  6 rats
253 creatures vanquished.

Vanquished Creatures (collateral kills)
  A warg (D:9)
1 creature vanquished.

Grand Total: 254 creatures vanquished

Notes
Turn   | Place    | Note
-------+----------+-------------------------------------------
     0 | D:1      | v0m1x the Minotaur Berserker began the quest for the Orb.
     0 | D:1      | Reached XP level 1. HP: 19/19 MP: 0/0
    93 | D:1      | Reached skill level 4 in Maces & Flails
   430 | D:1      | Reached XP level 2. HP: 17/26 MP: 1/1
   896 | D:1      | Reached skill level 5 in Maces & Flails
  1311 | D:1      | Found a burning altar of Makhleb.
  1374 | D:2      | Reached XP level 3. HP: 31/31 MP: 2/2
  1480 | D:2      | Reached ** piety under Trog
  1765 | D:2      | Reached skill level 6 in Maces & Flails
  1765 | D:2      | Reached XP level 4. HP: 39/39 MP: 3/3
  2222 | D:3      | Reached skill level 7 in Maces & Flails
  2222 | D:3      | Reached XP level 5. HP: 5/45 MP: 4/4
  2224 | D:3      | HP: 2/45 [poisoned by an adder]
  2425 | D:3      | Reached *** piety under Trog
  3174 | D:3      | Found a hazy altar of Hepliaklqana.
  3327 | D:4      | Reached skill level 8 in Maces & Flails
  3584 | D:4      | Reached XP level 6. HP: 48/51 MP: 5/5
  3757 | D:4      | Found a staircase to the Ecumenical Temple.
  3766 | Temple   | Entered the Ecumenical Temple
  4029 | D:4      | Reached skill level 9 in Maces & Flails
  4033 | D:4      | Noticed Robin
  4051 | D:4      | Killed Robin
  4176 | D:4      | Reached XP level 7. HP: 32/57 MP: 6/6
  4202 | D:4      | Reached skill level 10 in Maces & Flails
  4412 | D:4      | Reached **** piety under Trog
  4446 | D:4      | You fall into a shaft and drop 1 floor!
  4446 | D:5      | Entered Level 5 of the Dungeon
  5232 | D:5      | Reached skill level 11 in Maces & Flails
  5408 | D:5      | Reached XP level 8. HP: 45/64 MP: 7/7
  5873 | D:5      | Got a pitted plate armour
  5880 | D:5      | Identified the cursed +0 plate armour of the Exiled Lies
                  | {rN++} (You found it on level 5 of the Dungeon)
  6253 | D:6      | Reached skill level 12 in Maces & Flails
  6984 | D:7      | Identified the cursed +1 dire flail of Victory {distort,
                  | rElec rC+ rN+}
  6984 | D:7      | Identified the cursed +1 dire flail of Ciakeb {vorpal,
                  | Stlth+}
  6984 | D:7      | Noticed a two-headed ogre
  6985 | D:7      | Noticed Anothat's ghost (novice HOMo)
  6996 | D:7      | Found a transporter.
  7026 | D:7      | Reached skill level 13 in Maces & Flails
  7440 | D:7      | Found a basalt altar of Yredelemnul.
  7468 | D:7      | Reached XP level 9. HP: 65/70 MP: 8/8
  7676 | D:7      | Reached skill level 14 in Maces & Flails
  7843 | D:7      | Found a stormy altar of Qazlal.
  7927 | D:7      | Got a brightly glowing ring mail
  8088 | D:7      | Reached skill level 5 in Fighting
  8301 | D:7      | Found a transporter.
  8380 | D:7      | Identified the +5 ring mail of New Discoveries {rElec Int-4
                  | Slay+3 Stlth+} (You found it on level 7 of the Dungeon)
  8467 | D:8      | Reached skill level 5 in Armour
  8540 | D:8      | Noticed a two-headed ogre
  8557 | D:8      | Killed a two-headed ogre
  8694 | D:8      | Reached ***** piety under Trog
  8964 | D:8      | Noticed Joseph
  8991 | D:8      | Killed Joseph
  8992 | D:8      | Reached XP level 10. HP: 85/88 MP: 9/9
  9856 | D:8      | Received a gift from Trog
 10025 | D:8      | Reached skill level 1 in Shields
 10438 | D:9      | Noticed a two-headed ogre
 10467 | D:9      | Killed a two-headed ogre
 10924 | D:9      | Found a staircase to the Orcish Mines.
 10954 | D:8      | Reached skill level 10 in Fighting
 10959 | D:8      | Reached skill level 5 in Shields
 11457 | D:9      | Found a runed translucent gate.
 11457 | D:9      | Found a runed translucent gate.
 11457 | D:9      | Found a runed translucent gate.
 11460 | D:9      | Noticed Ceqiddiy's ghost (novice MiMo)
 11468 | D:9      | Identified the +2 short sword "Ubu Seus" {drain, *Corrode
                  | Str+7 SInv}
 11549 | D:9      | Identified Zocrad's Catalogue of Igneous Shape Shifting
 11552 | D:9      | Noticed a centaur warrior
 11559 | D:9      | Reached skill level 10 in Armour
 11559 | D:9      | Reached XP level 11. HP: 88/99 MP: 10/10
 11575 | D:9      | Killed a centaur warrior
 11588 | D:9      | Mangled by a freezing wraith

Illustrated notes

Levels and vault maps discovered:
D:1:      dpeg_arrival_water_altar, layout_basic, minmay_stone_trees_small
D:2:      layout_basic
D:3:      layout_loops_ring, nzn_hepliaklqana_mist_gate,
          hangedman_decor_clover_reticule
D:4:      layout_basic, gammafunk_temple_overflow_elements,
          lemuel_temple_firewalk_b, kennysheep_decorative_pillar, uniq_robin
D:5:      kennysheep_spiral_hall, layout_basic
D:6:      layout_cave_pools
D:7:      layout_basic, lemuel_mausoleum_altar_yredelemnul,
          gammafunk_ghost_smash, nicolae_qazlal_style_of_elements
D:8:      layout_basic, uniq_joseph
D:9:      minmay_the_grid_octo_triangle [minmay_the_grid_octo_fat_diamond,
          minmay_the_grid_octo_prize_single_spiral, minmay_the_grid_octo_horde],
          layout_rooms, minmay_orc_entry_guard_dogs, biasface_ghost_orc_armoury
Temple:   dpeg_five_rooms_temple

Skill      XL: |  1  2  3  4  5  6  7  8  9 10 11 |
---------------+----------------------------------+-----
Maces & Flails | 4 5 6 7 8 9 11 13 14 | 14.0
Fighting       | 8 10 | 10.0
Armour         | 7 10 | 10.0
Shields        | 5 6 |  6.8
Dodging        | |  2.1

Action                   |  1- 3 |  4- 6 |  7- 9 | 10-12 || total
-------------------------+-------+-------+-------+-------++-------
Melee: Mace              |    68 |   129 |       |       ||   197
       Headbutt          |     9 |    24 |    95 |    99 ||   227
       Whip              |       |    17 |   401 |   384 ||   802
Invok: Berserk           |       |     1 |     5 |     1 ||     7
       Trog's Hand       |       |       |     2 |     1 ||     3
       Brothers in Arms  |       |       |       |     1 ||     1
  Use: Scroll            |       |     1 |    16 |     1 ||    18
       Potion            |       |     1 |       |       ||     1
Armor: Leather armour    |    14 |     4 |       |       ||    18
       Animal skin       |     1 |       |       |       ||     1
       Scale mail        |       |    54 |    14 |       ||    68
       Chain mail        |       |       |    12 |       ||    12
       Plate armour      |       |       |    85 |   111 ||   196
Dodge: Dodged            |    50 |    69 |   143 |   100 ||   362
Block: Kite shield       |       |       |       |    87 ||    87
